 Dungeon Crawl Stone Soup version 0.19-a0-975-gfff5315 (webtiles) character file.

0 4thArraOfDagon the Ducker (level 1, -3/11 HPs)
             Began as a Spriggan Abyssal Knight on July 13, 2016.
             Was a Follower of Lugonu.
             Slain by an air elemental (14 damage)
             ... on level 3 of the Abyss.
             The game lasted 00:02:48 (345 turns).

4thArraOfDagon the Ducker (Spriggan Abyssal Knight)  Turns: 345, Time: 00:02:49

Health: -3/11      AC:  2    Str:  8    XL:     1   Next: 0%
Magic:  3/3        EV: 18    Int: 13    God:    Lugonu [*.....]
Gold:   65         SH:  0    Dex: 15    Spells: 0 memorised, 0 levels left

rFire  . . .     SeeInvis +     a - +1 short sword
rCold  . . .     Gourm    .     b - +0 robe
rNeg   . . .     Faith    .     (shield restricted)
rPois  .         Spirit   .     (helmet restricted)
rElec  .         Dismiss  .     (no cloak)
rCorr  .         Reflect  .     (gloves unavailable)
SustAt .         Harm     .     (boots unavailable)
MR     .....                    (no amulet)
Stlth  +.........               (no ring)
                                (no ring)

@: very quick, not resistant to hostile enchantments, very unstealthy
A: unfitting armour, see invisible, herbivore 3, speed 3, slow metabolism 2
a: Depart the Abyss, Renounce Religion


You were on level 3 of the Abyss.
You worshipped Lugonu.
Lugonu was aware of your devotion.
You were not hungry.

You visited 0 branches of the dungeon, and saw 0 of its levels.
You visited the Abyss 1 time.

You collected 65 gold pieces.

Inventory:

Hand Weapons
 a - a +1 short sword (weapon)
Armour
 b - a +0 robe (worn)
Comestibles
 c - a bread ration


   Skills:
 - Level 2.4 Fighting
 * Level 2.1 Short Blades
 + Level 3.5 Dodging
 * Level 0.0 Stealth
 + Level 1.7 Invocations


You couldn't memorise any spells.
You didn't know any spells.

Dungeon Overview and Level Annotations

Branches:
Dungeon (0/15)

Altars:


Innate Abilities, Weirdness & Mutations

You are tiny and cannot use many weapons and most armour.
You have supernaturally acute eyesight. (SInv)
You are a herbivore.
You cover ground extremely quickly.
You need consume almost no food.


Message History

Unknown command.
There is a gateway leading deeper into the Abyss here.
Unknown command.
You plunge deeper into the Abyss.
The abyssal rune of Zot can be found at this depth.
An air elemental comes into view.
Unknown command.
Unknown command.
An earth elemental comes into view.
The air elemental moves out of view.
Found a curved lead wand and a potion of flight.
Unknown command.
Unknown command.
Unknown command.
Unknown command.
Unknown command.
Found 19 stones.
The air elemental hits you!
Ouch! That really hurt!
You die...

..## ... #..# ...
#.#.## ######.. ..
#.##..#..#.#.####
...(##...E..........#
#....##..#..... .. ..
##.#...#...###.## #
...
...##.E##....###.#.
... #.#....@....... .
...#.. #
#.#...#....#.....# .#
##.###....##.#.#....#
#.. ##.....##..#.##.
#... .. #.###.......
..... #.#.#.#.
#..#.#. .#.. #/....
.. .#.!E∩ ... .. 8#
#...


You could see an earth elemental and an air elemental.

Vanquished Creatures (others)
  2 starspawn tentacles (Abyss:1)
  88 starspawn tentacle segments (Abyss:1)
90 creatures vanquished.

Notes
Turn   | Place    | Note
-------+----------+-------------------------------------------
     0 | Abyss:1  | 4thArraOfDagon the Spriggan Abyssal Knight began the quest for the Orb.
     0 | Abyss:1  | Reached XP level 1. HP: 11/11 MP: 3/3
    36 | Abyss:1  | Noticed a smoke demon
    37 | Abyss:1  | Noticed an iron imp
    62 | Abyss:1  | Noticed a small abomination
    62 | Abyss:1  | Noticed a raiju
    63 | Abyss:1  | Noticed a tentacled starspawn
    64 | Abyss:1  | Noticed a tentacled starspawn
    76 | Abyss:1  | Noticed a worldbinder
    78 | Abyss:1  | Noticed a merfolk
    78 | Abyss:1  | Noticed a siren
    78 | Abyss:1  | Noticed a merfolk
    98 | Abyss:1  | Noticed a small abomination
   103 | Abyss:1  | Noticed a small abomination
   110 | Abyss:1  | Noticed a mana viper
   133 | Abyss:1  | Noticed a shadow wraith
   157 | Abyss:1  | Noticed a large abomination
   159 | Abyss:1  | Noticed a wretched star
   183 | Abyss:1  | Noticed a large abomination
   184 | Abyss:1  | Noticed a tentacled starspawn
   194 | Abyss:1  | Noticed a smoke demon
   221 | Abyss:2  | meh
   228 | Abyss:2  | Noticed a salamander
   228 | Abyss:2  | Noticed a naga
   228 | Abyss:2  | Noticed a naga
   263 | Abyss:2  | Noticed a lich
   274 | Abyss:2  | Noticed a chaos spawn
   288 | Abyss:2  | Noticed a small abomination
   293 | Abyss:2  | Noticed a ynoxinul
   318 | Abyss:2  | Noticed a large abomination
   321 | Abyss:2  | Noticed a spatial maelstrom
   321 | Abyss:2  | Noticed a spatial vortex
   323 | Abyss:2  | Noticed a spatial vortex
   330 | Abyss:3  | Noticed an air elemental
   332 | Abyss:3  | Noticed an earth elemental
   345 | Abyss:3  | Slain by an air elemental

Vault maps used:
Abyss:3:  minivault_22, hangedman_abyss_rune_flesh_and_stone
